 Dungeon Crawl Stone Soup version 0.25-a0-561-g0977b4d109 (webtiles) character file.

Game seed: 354126995952293531, levelgen mode: deterministic

105 Flugslaktarn the Shield-Bearer (level 5, 0/42 HPs)
             Began as a Formicid Fighter on Feb 25, 2020.
             Slain by Grinder (4 damage)
             ... on level 3 of the Dungeon.
             The game lasted 00:00:53 (1840 turns).

Flugslaktarn the Shield-Bearer (Formicid Fighter)   Turns: 1840, Time: 00:00:54

Health: 0/42       AC:  7    Str: 22    XL:     5   Next: 8%
Magic:  5/5        EV:  8    Int:  7    God:
Gold:   105        SH:  9    Dex: 10    Spells: 4/4 levels left

rFire    . . .     SeeInvis +   a - +0 war axe
rCold    . . .     Gourm    .   c - +0 kite shield
rNeg     . . .     Faith    .   b - +0 scale mail
rPois    .         Spirit   .   (helmet unavailable)
rElec    .         Reflect  .   (no cloak)
rCorr    .         Harm     .   (no gloves)
MR       .....                  (no boots)
Stlth    ..........             (no amulet)
HPRegen  0.14/turn              (no ring)
MPRegen  0.09/turn              (no ring)

@: no status effects
A: permanent stasis, dig shafts and tunnels, four strong arms, antennae 3
a: Dig, Shaft Self


You were on level 3 of the Dungeon.
You were not hungry.

You visited 1 branch of the dungeon, and saw 3 of its levels.

You collected 105 gold pieces.

Inventory:

Hand Weapons
 a - a +0 war axe (weapon)
Armour
 b - a +0 scale mail (worn)
 c - a +0 kite shield (worn)
Jewellery
 j - a cursed ring of teleportation {unknown}
   (You found it on level 1 of the Dungeon)
Scrolls
 g - 3 scrolls of identify {unknown}
 i - 3 scrolls of enchant armour {unknown}
 m - a scroll of remove curse {unknown}
 n - 2 scrolls of fear {unknown}
 q - 2 scrolls of teleportation {unknown}
 s - a scroll of magic mapping {unknown}
Potions
 d - a potion of might
 f - a potion of heal wounds {unknown}
 k - 2 potions of degeneration {unknown}
 l - a potion of curing {unknown}
 o - a potion of magic {unknown}
 p - 3 potions of lignification {unknown}
 r - a potion of flight {unknown}
 t - a potion of resistance {unknown}
Comestibles
 e - 4 rations
 h - 3 chunks of flesh


   Skills:
 + Level 4.0 Fighting
 * Level 3.3 Axes
 + Level 3.9 Armour
 + Level 4.3 Shields


You had 4 spell levels left.
You didn't know any spells.
Your spell library was empty.

Dungeon Overview and Level Annotations

Branches:
Dungeon (3/15)

Altars:

Annotations:
D:3 Grinder


Innate Abilities, Weirdness & Mutations

You cannot be hasted, slowed, berserked, paralysed or teleported.
You can dig through walls and to a lower floor.
Your four strong arms can wield two-handed weapons with a shield.
You have a pair of large antennae on your head. (SInv)


Message History

Grinder is severely wounded.
You block Grinder's attack.
Grinder blinks!
You block Grinder's attack.
You hit Grinder.
Grinder is severely wounded.
Grinder gestures at you.
Your stasis prevents you from being paralysed.
You closely miss Grinder.
Grinder is severely wounded.
Grinder hits you.
You writhe in agony.
Grinder hits you.
* * * LOW HITPOINT WARNING * * *
You writhe in agony.
* * * LOW HITPOINT WARNING * * *
You completely miss Grinder.
Grinder is severely wounded.
Grinder barely misses you.
You hit Grinder.
Grinder is almost dead.
Grinder hits you.
You die...

.... ##.## # ...
#..# ##.## ..###
##.## #.... ###...
#..# #..## #..†.#
##.###...< #^#
#.#####..###... #.#
#..............
#.###########..##.##
#..@5...............
#####...........#..#
#...........'...
#...........#.##
#...............
#.............##
#............)##
#........).....+
#.............##


You could see Grinder.

Vanquished Creatures
  Ijyb (D:3)
  2 adders (D:2)
  An ooze (D:1)
  4 worms
  A dart slug (D:2)
  A leopard gecko (D:3)
  5 goblins (D:1)
  5 hobgoblins
  2 jackals (D:1)
  2 kobolds
  6 bats
  6 frilled lizards
  8 rats
44 creatures vanquished.

Notes
Turn   | Place    | Note
-------+----------+-------------------------------------------
     0 | D:1      | Flugslaktarn the Formicid Fighter began the quest for the
                  | Orb.
     0 | D:1      | Reached XP level 1. HP: 18/18 MP: 1/1
   170 | D:1      | Reached XP level 2. HP: 20/24 MP: 2/2
   449 | D:1      | Reached XP level 3. HP: 24/29 MP: 3/3
  1046 | D:2      | Reached XP level 4. HP: 37/37 MP: 4/4
  1682 | D:3      | Noticed Ijyb
  1691 | D:3      | Killed Ijyb
  1691 | D:3      | Reached XP level 5. HP: 42/42 MP: 5/5
  1806 | D:3      | Noticed Grinder
  1840 | D:3      | Slain by Grinder

Levels and vault maps discovered:
D:1:      dpeg_arrival_tiny_h, layout_loops_ring
D:2:      layout_loops_cross, grunt_ministairs_2
D:3:      layout_basic, uniq_ijyb, uniq_grinder

Skill      XL: |  1  2  3  4 |
---------------+-------------+-----
Shields        | 4 |  4.3
Axes           | 3 |  3.3
Fighting       | 4 |  4.0
Armour         | |  3.9

Action                   |  1- 3 |  4- 6 || total
-------------------------+-------+-------++-------
Melee: War axe           |   117 |    64 ||   181
  Eat: Chunk             |     1 |     2 ||     3
Armor: Scale mail        |    52 |    26 ||    78
Dodge: Dodged            |    44 |    11 ||    55
Block: Kite shield       |    56 |    25 ||    81

Table legend:
 A = Non-vault XP
 B = Vault XP
 C = Vault XP percentage of total XP
 D = Non-vault monster count
 E = Vault monster count
 F = Vault count percentage of total count
                 A         B        C        D         E       F
            +---------+---------+-------+---------+---------+-------
      Total |     112 |      38 |  25.3 |      41 |       3 |   6.8
            +---------+---------+-------+---------+---------+-------
        D:1 |      42 |       0 |   0.0 |      23 |       0 |   0.0
        D:2 |      57 |       2 |   3.4 |      13 |       2 |  13.3
        D:3 |      13 |      36 |  73.5 |       5 |       1 |  16.7
            +---------+---------+-------+---------+---------+-------
